 Dungeon Crawl Stone Soup version 0.19-a0-1346-g7941943 (webtiles) character file.

155 snetch the Skirmisher (level 5, 0/46 HPs)
             Began as a Draconian Wanderer on Sept 2, 2016.
             Succumbed to an adder's poison
             ... on level 4 of the Dungeon.
             The game lasted 00:15:20 (3015 turns).

snetch the Skirmisher (Draconian Wanderer)          Turns: 3015, Time: 00:15:21

Health: 0/46       AC:  5    Str: 19    XL:     5   Next: 14%
Magic:  5/5        EV: 13    Int: 13    God:
Gold:   86         SH:  0    Dex: 11    Spells: 0 memorised, 4 levels left

rFire  . . .     SeeInvis .     b - +2 blowgun
rCold  . . .     Gourm    .     (armour unavailable)
rNeg   . . .     Faith    .     (no shield)
rPois  .         Spirit   .     (helmet restricted)
rElec  .         Dismiss  .     (no cloak)
rCorr  .         Reflect  .     (no gloves)
MR     .....     Harm     .     (no boots)
Stlth  ++........               (no amulet)
                                (no ring)
                                (no ring)

@: mighty, lethally poisoned (0 -> -5), very slightly contaminated, hasted,
invisible, very quick
A: unfitting armour, cold-blooded, AC +5
a: no special abilities


You were on level 4 of the Dungeon.
You were hungry.

You visited 1 branch of the dungeon, and saw 4 of its levels.

You collected 86 gold pieces.

Inventory:

Hand Weapons
 b - a +2 blowgun (weapon)
 e - a +0 dagger
 i - a +1 mace of protection
 j - a +0 dagger
 k - a +0 hunting sling of freezing
 p - a +0 club
 s - a +0 short sword
 v - a +0 dagger
 C - a +0 dagger
 M - a +0 dagger
Missiles
 q - 23 sling bullets
 u - 62 stones
 x - 23 bolts
 F - 20 poisoned needles (quivered)
 G - 26 arrows
 I - 4 javelins
Armour
 l - a +0 ring mail
 K - a +0 hat
Scrolls
 c - 3 scrolls of teleportation
 h - a scroll of identify {unknown}
 m - 2 scrolls of amnesia {unknown}
 n - a scroll of remove curse {unknown}
 y - a scroll of enchant weapon {unknown}
 A - a scroll of recharging {unknown}
 B - 2 scrolls of enchant armour {unknown}
 D - a scroll of random uselessness {unknown}
 H - a scroll of fog {unknown}
Potions
 d - a potion of lignification
Comestibles
 f - 2 bread rations
 g - a meat ration
 o - a beef jerky
 r - a royal jelly
 z - a slice of pizza
 J - 3 fruits


   Skills:
 + Level 3.8 Fighting
 + Level 1.0 Throwing
 + Level 3.4 Dodging
 + Level 3.5 Stealth
 * Level 2.4 Unarmed Combat


You had 4 spell levels left.
You didn't know any spells.

Dungeon Overview and Level Annotations

Branches:
Dungeon (4/15)
 Temple: D:4-7

Altars:


Innate Abilities, Weirdness & Mutations

Your plain brown scales are hard. (AC +5)
Your body does not fit into most forms of armour.
You are cold-blooded and may be slowed by cold attacks.


Message History

* * * LOW HITPOINT WARNING * * *
You feel sick.
There is a lethal amount of poison in your body!
* * * LOW HITPOINT WARNING * * *
You feel sick.
An orc comes into view. It is wielding a dagger.
* * * LOW HITPOINT WARNING * * *
You feel sick.
The orc shouts!
* * * LOW HITPOINT WARNING * * *
You feel sick.
Wield which item (- for none, * to show all)? (? for menu, Esc to quit)
b - a +2 blowgun (weapon)
Firing (i - inventory. (,) - cycle):
a - a curare-tipped needle (quivered)
Press: ? - help, Shift-Dir - straight line, f - orc
Aim: an orc, wielding a dagger You shoot a curare-tipped needle.
The curare-tipped needle hits the orc.
The orc is poisoned.
The orc convulses.
You kill the orc!
You die...

### # ##.#######...#
###########.....@(.....#
.<...........#######...#
.........<...# .
##############


There were no monsters in sight!

Vanquished Creatures
  Jessica (D:2)
  A worker ant (D:3)
  4 adders
  An ooze (D:1)
  A worm (D:2)
  3 giant geckos
  2 orcs
  A ball python (D:2)
  6 bats
  7 giant cockroaches (D:1)
  3 goblins
  9 hobgoblins
  2 jackals (D:2)
  4 giant newts
  A kobold (D:3)
  11 rats
  A plant (D:1)
58 creatures vanquished.

Notes
Turn   | Place    | Note
-------+----------+-------------------------------------------
     0 | D:1      | snetch the Draconian Wanderer began the quest for the Orb.
     0 | D:1      | snetch set off with: a curare-tipped needle, a +2 blowgun, a scroll of teleportation, a potion of lignification, a +0 dagger, a bread ration
     0 | D:1      | Reached XP level 1. HP: 19/19 MP: 1/1
   303 | D:1      | Reached XP level 2. HP: 23/26 MP: 2/2
   441 | D:1      | HP: 1/26 [bat (1)]
  1282 | D:1      | Reached XP level 3. HP: 13/31 MP: 3/3
  2080 | D:2      | Reached XP level 4. HP: 10/40 MP: 4/4
  2361 | D:2      | Noticed Jessica
  2371 | D:2      | Killed Jessica
  2457 | D:3      | Found a faded altar of an unknown god.
  2613 | D:3      | Reached XP level 5. HP: 13/46 MP: 5/5
  3008 | D:4      | HP: 2/46 [poisoned by an adder]
  3015 | D:4      | Succumbed to an adder's poison

Vault maps used:
D:1:      roderic_crop_circles_arrival_small
D:2:      minmay_distorted, uniq_jessica
D:3:      ecumenical_altar_2
D:4:      first_bread

Skill      XL: |  1  2  3  4 |
---------------+-------------+-----
Dodging        | 2 3 |  3.4
Stealth        | 3 |  3.5
Unarmed Combat | 2 |  2.4
Fighting       | |  3.8
Throwing       | |  1.0

Action                   |  1- 3 |  4- 6 || total
-------------------------+-------+-------++-------
Melee: Unarmed           |   370 |   102 ||   472
       Tailslap          |    55 |     9 ||    64
       Punch             |     4 |     1 ||     5
 Fire: Blowgun           |     1 |     1 ||     2
  Use: Potion            |       |     4 ||     4
 Stab: Sleeping          |     6 |     1 ||     7
  Eat: Chunk             |     4 |     3 ||     7
Armor: Skin              |    89 |    43 ||   132
Dodge: Dodged            |   198 |    58 ||   256
